 Dungeon Crawl Stone Soup version 0.17.1-1-g73c8601 (webtiles) character file.

8901 shmeve the Fighter (level 11, 0/97 HPs)
             Began as a Mottled Draconian Berserker on Apr 27, 2016.
             Was an Elder of Trog.
             Slain by a komodo dragon (19 damage)
             ... on level 1 of the Lair of Beasts.
             The game lasted 00:32:12 (10923 turns).

shmeve the Fighter (Mottled Draconian Berserker)   Turns: 10923, Time: 00:32:12

Health: 0/97       AC: 16    Str: 22    XL:     11   Next: 16%
Magic:  9/9        EV: 14    Int:  8    God:    Trog [****..]
Gold:   749        SH: 11    Dex: 11    Spells: 0 memorised, 10 levels left

rFire  + . .     SeeInvis .     j - +0 war axe
rCold  . . .     Clarity  .     (armour unavailable)
rNeg   . . .     SustAt   .     E - +0 shield
rPois  .         Gourm    .     (helmet restricted)
rElec  .         Spirit   .     (no cloak)
rCorr  .         Warding  .     (no gloves)
rMut   .         Stasis   .     h - +0 pair of boots
MR     .....                    (no amulet)
Stlth  ++++......               d - ring of stealth
                                z - ring of Robustness {AC+8}

@: not resistant to hostile enchantments, stealthy
A: breathe sticky flame splash, unfitting armour, talons 1, fire resistance 1,
low mp 1, cold-blooded, MP-powered wands, AC +7
a: Breathe Sticky Flame, Berserk, Trog's Hand, Brothers in Arms, Burn
Spellbooks, Renounce Religion


You were on level 1 of the Lair of Beasts.
You worshipped Trog.
Trog was greatly pleased with you.
You were very hungry.

You visited 3 branches of the dungeon, and saw 11 of its levels.

You collected 749 gold pieces.

Inventory:

Hand Weapons
 j - a +0 war axe (weapon)
Armour
 h - a +0 pair of boots (worn)
 E - a +0 shield (worn)
Jewellery
 d - a ring of stealth (right hand)
 f - an uncursed ring of protection from cold
 o - an uncursed ring of see invisible
 q - an uncursed ring of positive energy
 s - an uncursed ring of fire
 t - an uncursed ring of protection from cold
 y - an uncursed ring of magical power
 z - the ring of Robustness (left hand) {AC+8}
   (You found it on level 5 of the Dungeon)

   [ring of protection]

   It affects your AC (+8).
Scrolls
 a - a scroll of vulnerability {unknown}
 b - a scroll of noise {unknown}
 k - 6 scrolls of remove curse
 m - 2 scrolls of identify
 r - 2 scrolls of fear
 u - a scroll of fog {unknown}
 v - 2 scrolls of teleportation
 x - 2 scrolls of blinking {unknown}
 A - 2 scrolls of magic mapping
 G - a scroll of random uselessness {unknown}
Potions
 e - a potion of cancellation
 i - 3 potions of might
 l - a potion of flight
 n - a potion of agility
 p - 4 potions of curing
 w - 4 potions of resistance
 B - a potion of cure mutation
 D - a potion of invisibility
Comestibles
 c - 6 meat rations
 g - 4 beef jerkies
 F - a slice of pizza


   Skills:
 * Level 9.2 Fighting
 * Level 8.7 Axes
 * Level 8.0 Dodging
 + Level 7.6 Stealth
 * Level 7.2 Shields


You had 10 spell levels left.
You didn't know any spells.

Dungeon Overview and Level Annotations

Branches:
Dungeon (9/15)             Temple (1/1) D:5            Lair (1/8) D:9
    Orc (0/4) D:9

Altars:
Dithmenos
Elyvilon
Gozag
Makhleb
Xom
Zin
The Shining One

Shops:
D:6 %


Innate Abilities, Weirdness & Mutations

You can spit globs of burning liquid.
You can ignite nearby creatures when you spit burning liquid.
Your weird mottled scales are hard (AC +7).
Your body does not fit into most forms of armour.
You are cold-blooded and may be slowed by cold attacks.
You have sharp toenails.
Your flesh is heat resistant.
Your magical capacity is low (-10% MP).
You expend magic power (3 MP) to strengthen your wands.


Message History

You tail-slap the komodo dragon, but do no damage.
The komodo dragon is moderately wounded.
The komodo dragon bites you!
You hit the komodo dragon but do no damage.
You tail-slap the komodo dragon, but do no damage.
The komodo dragon is moderately wounded.
You block the komodo dragon's attack.
You slash the komodo dragon!
The komodo dragon is heavily wounded.
You are feeling very hungry.
You block the komodo dragon's attack.
You barely miss the komodo dragon.
The komodo dragon is heavily wounded.
The komodo dragon bites you!
* * * LOW HITPOINT WARNING * * *
You hit the komodo dragon but do no damage.
Your tail-slap misses the komodo dragon.
The komodo dragon is heavily wounded.
The komodo dragon bites you!!
You die...

..# ..## ####
#####..#P#########.#.
....................
................... #..#
####...#.#..## # #.l#
#..####..#
...###.@######..####..##
...........>............
#.......................
##########.##.#/####.###
######## ### #


You could see a komodo dragon.

Vanquished Creatures
  Erica (D:8)
  A spiny frog (Lair:1)
  Psyche (D:8)
  Sigmund (D:6)
  9 yaks (Lair:1)
  Eustachio (D:6)
  A hippogriff (D:8)
  A hungry ghost (D:9)
  A mottled dragon (D:8)
  Menkaure (D:6)
  Duvessa (D:6)
  2 water moccasins
  5 ice beasts
  4 ogres
  A sky beast (D:7)
  A necrophage (D:8)
  6 orc warriors
  3 big kobolds
  5 centaurs
  A crocodile (Lair:1)
  A gnoll sergeant (D:8)
  8 giant frogs
  A wyvern skeleton (D:7)
  Dowan (D:6)
  2 scorpions
  8 wights
  4 crimson imps
  5 orc priests
  2 centaur zombies
  2 giant frog zombies
  2 gnoll shamans (D:8)
  9 hounds
  4 jellies
  A giant frog skeleton (D:5)
  9 orc wizards
  2 centaur skeletons
  7 worker ants
  6 iguanas
  A hound skeleton (D:4)
  9 adders
  17 gnolls
  2 shadow imps (D:6)
  2 adder zombies
  4 worms
  4 giant geckos
  32 orcs
  2 giant cockroaches
  13 hobgoblins
  15 jackals
  24 kobolds
  4 quokkas
  12 bats
  A giant gecko skeleton (D:7)
  6 giant newts
  8 goblins
  A jackal skeleton (D:9)
  A quokka skeleton (D:5)
  7 rats
286 creatures vanquished.

Vanquished Creatures (others)
  A kobold (D:8)
1 creature vanquished.

Grand Total: 287 creatures vanquished

Notes
Turn   | Place    | Note
--------------------------------------------------------------
     0 | D:1      | shmeve the Draconian Berserker began the quest for the Orb.
     0 | D:1      | Reached XP level 1. HP: 19/19 MP: 1/1
   163 | D:1      | Reached XP level 2. HP: 15/26 MP: 2/2
   352 | D:1      | Reached skill level 1 in Stealth
   713 | D:2      | Reached ** piety under Trog
   792 | D:2      | Reached XP level 3. HP: 24/33 MP: 3/3
   907 | D:2      | Found a shadowy altar of Dithmenos.
  1291 | D:2      | Found a glowing golden altar of the Shining One.
  1291 | D:2      | Found a glowing silver altar of Zin.
  1291 | D:2      | Found a white marble altar of Elyvilon.
  1457 | D:2      | Found a shimmering altar of Xom.
  1469 | D:2      | Found a burning altar of Makhleb.
  1539 | D:2      | Reached skill level 4 in Fighting
  1539 | D:2      | Reached XP level 4. HP: 37/40 MP: 4/4
  1851 | D:3      | Reached *** piety under Trog
  1875 | D:3      | Reached XP level 5. HP: 34/46 MP: 5/5
  2188 | D:3      | Noticed an ice beast
  2199 | D:3      | Killed an ice beast
  2946 | D:4      | Reached XP level 6. HP: 9/55 MP: 6/6
  3356 | D:4      | Reached skill level 5 in Fighting
  3473 | D:4      | Found an opulent altar of Gozag.
  3685 | D:5      | Entered Level 5 of the Dungeon
  3962 | D:5      | Your scales start taking on a weird mottled colour.
  3962 | D:5      | Reached XP level 7. HP: 61/61 MP: 7/7
  4061 | D:5      | Reached skill level 5 in Axes
  4076 | D:5      | Found a staircase to the Ecumenical Temple.
  4186 | D:5      | Reached skill level 5 in Dodging
  4703 | D:5      | Reached skill level 6 in Fighting
  4858 | Temple   | Entered the Ecumenical Temple
  5087 | D:6      | Found Yrhenuel's Food Shoppe.
  5104 | D:6      | Noticed Duvessa
  5104 | D:6      | Noticed Dowan
  5112 | D:6      | Killed Dowan
  5121 | D:6      | Killed Duvessa
  5121 | D:6      | Reached XP level 8. HP: 64/71 MP: 8/8
  5700 | D:6      | Noticed Menkaure
  5708 | D:6      | Killed Menkaure
  5708 | D:6      | Reached skill level 7 in Fighting
  5987 | D:6      | Noticed Eustachio
  6004 | D:6      | Killed Eustachio
  6058 | D:6      | Noticed Sigmund
  6068 | D:6      | Killed Sigmund
  6068 | D:6      | Reached XP level 9. HP: 78/80 MP: 9/9
  6498 | D:7      | Reached **** piety under Trog
  6617 | D:7      | Reached skill level 8 in Fighting
  7002 | D:7      | Reached skill level 5 in Stealth
  7496 | D:8      | Noticed Psyche
  7515 | D:8      | Killed Psyche
  7557 | D:8      | Received a gift from Trog
  7564 | D:8      | Reached XP level 10. HP: 76/90 MP: 10/10
  7582 | D:8      | Noticed Erica
  7596 | D:8      | Killed Erica
  7596 | D:8      | Reached skill level 9 in Fighting
  7696 | D:8      | Reached skill level 1 in Shields
  7977 | D:8      | Gained mutation: Your flesh is heat resistant. [potion of mutation]
  7977 | D:8      | Gained mutation: You expend magic power (3 MP) to strengthen your wands. [potion of mutation]
  7977 | D:8      | Gained mutation: You are dopey. (Int -2) [potion of mutation]
  7978 | D:8      | Gained mutation: You have sharp toenails. [potion of mutation]
  7978 | D:8      | Gained mutation: Your magical capacity is low (-10% MP). [potion of mutation]
  7978 | D:8      | Lost mutation: You are dopey. (Int -2) [potion of mutation]
  8651 | D:9      | Found a staircase to the Orcish Mines.
  8794 | D:9      | Found a staircase to the Lair.
  9327 | D:9      | Reached skill level 5 in Shields
  9786 | Lair:1   | Entered Level 1 of the Lair of Beasts
 10113 | Lair:1   | Reached XP level 11. HP: 44/97 MP: 9/9
 10923 | Lair:1   | Slain by a komodo dragon

Action                   |  1- 3 |  4- 6 |  7- 9 | 10-12 || total
-------------------------+-------+-------+-------+-------++-------
Melee: Hand axe          |   106 |   238 |    84 |       ||   428
       War axe           |       |       |   156 |    67 ||   223
       Battleaxe         |       |       |    80 |   174 ||   254
       Unarmed           |       |       |     1 |       ||     1
Invok: Berserk           |     1 |     3 |     5 |     4 ||    13
       Trog's Hand       |       |     1 |     9 |     6 ||    16
       Burn Spellbooks   |       |       |     1 |       ||     1
 Abil: Breathe Sticky Fl |       |       |    18 |    13 ||    31
  Use: Scroll            |       |       |    15 |     2 ||    17
       Potion            |       |       |       |     2 ||     2
 Stab: Sleeping          |     8 |     8 |    12 |     7 ||    35
  Eat: Chunk             |     3 |     6 |    20 |     8 ||    37
       Bread ration      |       |     1 |       |     3 ||     4
       Fruit             |       |       |     3 |       ||     3
